 Dungeon Crawl Stone Soup version 0.28-a0-769-g550dbda0cd (webtiles) character file.

Game seed: 927367303778061299

2597 funkygono the Arsonist (level 9, -1/47 HPs)
             Began as a Gargoyle Fire Elementalist on Oct 31, 2021.
             Slain by Duvessa (5 damage)
             ... on level 7 of the Dungeon.
             The game lasted 00:12:16 (7083 turns).

funkygono the Arsonist (Gargoyle Fire Elementalist) Turns: 7083, Time: 00:12:17

Health: -1/47      AC: 13    Str: 13    XL:     9   Next: 59%
Magic:  8/19       EV: 10    Int: 18    God:
Gold:   354        SH:  0    Dex: 10    Spells: 12/22 levels left

rFire   . . .      SeeInvis +   A - +6 flail of Distant Worlds {speed, rCorr SInv}
rCold   . . .      Faith    .   (no shield)
rNeg    + . .      Spirit   .   g - +0 ring mail
rPois   ∞          Reflect  .   q - +0 helmet
rElec   +          Harm     .   (no cloak)
rCorr   +          Rampage  .   (no gloves)
Will    .....                   (no boots)
Stlth   +.........              h - amulet of regeneration
HPRegen 1.15/turn               s - ring of wizardry
MPRegen 0.16/turn               (no ring)

@: no status effects
A: sickness immunity, AC +6, negative energy resistance 1, electricity
resistance, torment resistance 1, petrification resistance
a: no special abilities


You were on level 7 of the Dungeon.
You visited 1 branch of the dungeon, and saw 7 of its levels.

You collected 354 gold pieces.

Inventory:

Hand Weapons
 b - a +0 whip of freezing
 e - a +1 whip
 r - a +0 mace
 A - the +6 flail of Distant Worlds (weapon) {speed, rCorr SInv}
   (You found it on level 6 of the Dungeon)

   Attacks with this weapon are significantly faster.
   SInv:      It lets you see invisible.
   rCorr:     It protects you from acid and corrosion.
Missiles
 f - 158 stones
Armour
 a - a +0 robe
 g - a +0 ring mail (worn)
 q - a +0 helmet (worn)
Magical Staves
 m - a staff of earth
 o - a staff of conjuration
 v - a staff of air
Jewellery
 h - an amulet of regeneration (around neck)
 s - a ring of wizardry (left hand)
Wands
 p - a wand of polymorph (11)
 t - a wand of iceblast (8)
 y - a wand of digging (6)
Scrolls
 i - a scroll of amnesia
 w - a scroll of fog
Potions
 c - 2 potions of flight
 d - 2 potions of cancellation
 j - 3 potions of curing
 k - 3 potions of ambrosia {unknown}
 l - a potion of mutation {unknown}
 n - 2 potions of brilliance {unknown}
 x - a potion of attraction {unknown}
 z - a potion of haste {unknown}


   Skills:
 + Level 1.2 Fighting
 + Level 1.0 Maces & Flails
 * Level 3.1 Armour
 + Level 2.1 Dodging
 - Level 2.1 Stealth
 * Level 7.0 Spellcasting
 * Level 6.2 Conjurations
 * Level 8.2 Fire Magic


You had 12 spell levels left.
You knew the following spells:

 Your Spells              Type           Power      Damage    Failure   Level
a - Foxfire               Conj/Fire      100%       2x1d9     1%          1
b - Scorch                Fire           72%        2d8       1%          2
c - Conjure Flame         Conj/Fire      32%        6-21      1%          3
d - Flame Wave            Conj/Fire      32%        3d7       4%          4

Your spell library contained the following spells:

 Spells                   Type           Power      Damage    Failure   Level
 Magic Dart               Conj           100%       1d8       1%          1
 Searing Ray              Conj           56%        2d6       1%          2
 Inner Flame              Hex/Fire       21%        N/A       4%          3
 Slow                     Hex            24%        N/A       9%          1
 Fulminant Prism          Conj/Hex       8%         3d7       24%         4
 Confusing Touch          Hex            6%         N/A       26%         3
 Vampiric Draining        Necr           3%         2d6       26%         3


Dungeon Overview and Level Annotations

Branches:
Dungeon (7/15)
 Temple: D:4-7

Altars:
Ashenzari
Makhleb
Nemelex Xobeh
Xom

Shops:
D:3 [

Annotations:
D:7 Duvessa


Innate Abilities, Weirdness & Mutations

You are immune to sickness and miasma.
Your stone body is resilient. (AC +6)
You are immune to poison.
You resist negative energy. (rN+)
You are resistant to electric shocks. (rElec)
You are resistant to unholy torment.
You are immune to petrification.


Message History

Duvessa is severely wounded.
Duvessa hits you with a +5 short sword of flaming.
Duvessa burns you. Dowan barely misses you.
Casting: Scorch (safe; 1% risk of failure)
Confirm with . or Enter, or press ? or * to list all spells.
You conjure some foxfire!
Duvessa hits you with a +5 short sword of flaming!
Duvessa burns you.
Dowan casts a spell.
Dowan blinks!
The foxfire hits Duvessa but does no damage.
Duvessa is severely wounded.
The foxfire hits Dowan!
Dowan is burned terribly!
Dowan is almost dead.
Dowan points at you and mumbles some strange words.
The puff of flame hits you but does no damage.
Casting: Foxfire (safe; 1% risk of failure)
Confirm with . or Enter, or press ? or * to list all spells.
You conjure some foxfire!
Duvessa hits you with a +5 short sword of flaming.
Duvessa burns you.
Casting: Foxfire (safe; 1% risk of failure)
Confirm with . or Enter, or press ? or * to list all spells.
You conjure some foxfire!
Dowan is no longer more vulnerable to fire.
The foxfire hits Dowan.
You kill Dowan!
Duvessa screams in rage.
Duvessa goes berserk!
The foxfire hits Duvessa but does no damage.
Duvessa is severely wounded.
Duvessa hits you with a +5 short sword of flaming.
Duvessa burns you.
The foxfire hits the orc.
The orc is severely wounded.
Your Spellcasting skill increases to level 7!
Your foxfire dissipates!
Duvessa hits you with a +5 short sword of flaming!
* * * LOW HITPOINT WARNING * * *
Duvessa burns you.
You die...

#..# #.# #.# #.## #.# #.# #.# #.#
#.# #.#####.# #.# #.......# #.#
#####..####.###.#################
#...............)o..............#
.......####....§.e...### #.....
#.##†.## ##.####@###.## #.....
.......###.#.###.##...######.....
..##...##.###....##.#.)))).).†<..
..##...###.#.##..##...######†....
.###...# ##.###...##.## #..... .#
#..>########...##.# #..... .#
#......<.......##.# ####.#
.###.##.#######.#.##.# .#
.....##.# #.#.##.# #


You could see Duvessa (berserk) and an orc.

Vanquished Creatures
  Pikel (D:6)
  2 wyverns
  Menkaure (D:5)
  A water moccasin (D:5)
  An ice beast (D:5)
  An orc warrior (D:6)
  2 centaurs
  A necrophage (D:7)
  A lemure (D:6)
  A bullfrog (D:7)
  3 scorpions
  Dowan (D:7)
  6 killer bees (D:7)
  2 hounds
  3 orc priests
  3 jellies
  A bullfrog skeleton (D:6)
  3 iguanas
  3 orc wizards
  9 adders
  4 gnolls (D:7)
  A white imp (D:6)
  An ufetubus (D:7)
  4 dart slugs
  10 orcs
  6 ball pythons
  8 endoplasms
  3 giant cockroaches (D:1)
  5 goblins
  8 hobgoblins
  2 jackals (D:1)
  3 quokkas
  7 bats
  6 frilled lizards
  4 kobolds
  7 rats
125 creatures vanquished.

Vanquished Creatures (others)
  401 foxfires
401 creatures vanquished.

Grand Total: 526 creatures vanquished

Notes
Turn   | Place    | Note
-------+----------+-------------------------------------------
     0 | D:1      | funkygono the Gargoyle Fire Elementalist began the quest
                  | for the Orb.
     0 | D:1      | Reached XP level 1. HP: 10/10 MP: 3/3
   121 | D:1      | Reached XP level 2. HP: 15/15 MP: 0/5
   172 | D:1      | Learned a level 2 spell: Scorch
   589 | D:1      | Reached XP level 3. HP: 19/19 MP: 4/6
   593 | D:1      | Learned a level 3 spell: Conjure Flame
   665 | D:1      | Found a faded altar of an unknown god.
  1394 | D:2      | Reached XP level 4. HP: 24/24 MP: 0/8
  1674 | D:2      | Reached skill level 4 in Fire Magic
  1824 | D:3      | Found Sann's Antique Armour Shoppe.
  2103 | D:3      | Found a sparkling altar of Nemelex Xobeh.
  2126 | D:3      | Found a shimmering altar of Xom.
  2131 | D:3      | Found a burning altar of Makhleb.
  3345 | D:4      | Reached XP level 5. HP: 26/28 MP: 6/9
  3822 | D:4      | Learned a level 4 spell: Flame Wave
  3857 | D:5      | Entered Level 5 of the Dungeon
  3895 | D:5      | Reached XP level 6. HP: 25/32 MP: 1/10
  3991 | D:5      | Noticed Menkaure
  4000 | D:5      | Killed Menkaure
  4001 | D:5      | Reached skill level 5 in Fire Magic
  4055 | D:5      | Noticed a wyvern
  4062 | D:5      | Killed a wyvern
  4063 | D:5      | Reached XP level 7. HP: 11/36 MP: 3/13
  4500 | D:5      | Reached skill level 6 in Fire Magic
  4657 | D:5      | Reached skill level 5 in Spellcasting
  4657 | D:5      | Reached XP level 8. HP: 26/42 MP: 9/15
  5154 | D:6      | Found a broken altar of Ashenzari.
  5808 | D:6      | Reached skill level 1 in Maces & Flails
  5808 | D:6      | Reached skill level 1 in Armour
  6016 | D:6      | Noticed a wyvern
  6025 | D:6      | Reached skill level 5 in Conjurations
  6031 | D:6      | Killed a wyvern
  6032 | D:6      | Reached skill level 1 in Fighting
  6032 | D:6      | Reached skill level 7 in Fire Magic
  6152 | D:6      | Noticed Pikel
  6166 | D:6      | Killed Pikel
  6167 | D:6      | Reached XP level 9. HP: 47/47 MP: 8/18
  6529 | D:6      | Identified the +6 flail of Distant Worlds {speed, rCorr
                  | SInv}
  6983 | D:7      | Reached skill level 8 in Fire Magic
  7055 | D:7      | Noticed Duvessa
  7057 | D:7      | Noticed Dowan
  7082 | D:7      | Killed Dowan
  7083 | D:7      | Slain by Duvessa

Illustrated notes

Levels and vault maps discovered:
D:1:      amcnicky_arrival_single_pillar, layout_rooms,
          chequers_ecumenical_altar_island
D:2:      layout_basic, minmay_joined_circles
D:3:      layout_basic, minmay_overflow_temple_star_quad, serial_shops, shop
D:4:      layout_loops_ring
D:5:      layout_loops_ring, uniq_menkaure
D:6:      layout_loops_corners, ashenzari_conservatory_becter,
          minmay_stone_trees_medium, dk_noncrumbling_3, uniq_pikel
D:7:      wander_river, layout_loops_ring, temple_pool_b,
          minmay_misc_feat_roman, uniq_harold, uniq_duvessa

Skill      XL: |  1  2  3  4  5  6  7  8  9 |
---------------+----------------------------+-----
Fire Magic     | 4 5 6 7 8 |  8.2
Conjurations   | 2 3 4 5 6 |  6.2
Spellcasting   | 3 4 5 6 7 |  7.0
Dodging        | 2 |  2.1
Maces & Flails | 1 |  1.0
Armour         | 2 3 |  3.1
Fighting       | 1 |  1.2
Stealth        | |  2.1

Action                   |  1- 3 |  4- 6 |  7- 9 || total
-------------------------+-------+-------+-------++-------
Melee: Whip              |     2 |    25 |    39 ||    66
       Flail             |       |       |     5 ||     5
 Cast: Foxfire           |    57 |    78 |   115 ||   250
       Scorch            |     2 |     7 |    29 ||    38
       Flame Wave        |       |       |     2 ||     2
       Conjure Flame     |       |       |     1 ||     1
  Use: Scroll            |       |    10 |     2 ||    12
Armor: Robe              |    13 |    17 |    28 ||    58
       Ring mail         |       |       |    35 ||    35
Dodge: Dodged            |    19 |    13 |    62 ||    94

Table legend: (Time is in decaauts)
 A = Elapsed time spent in this place.
 B = Non-inter-level travel time spent in this place.
 C = Inter-level travel time spent in this place.
 D = Time resting spent in this place.
 E = Time spent auto-exploring this place.
 F = Levels seen in this place.
 G = Mean time per level.
                   A        B        C        D        E       F      G
               +--------+--------+--------+--------+--------+-----+--------+
         Total |   7087 |   6946 |    141 |    334 |   5539 |   7 | 1012.4 |
       Dungeon |   7087 |   6946 |    141 |    334 |   5539 |   7 | 1012.4 |
               +--------+--------+--------+--------+--------+-----+--------+

Top non-repeatable levels by time:
     D:6: 1524 daAuts
     D:5: 1217 daAuts
     D:3: 1135 daAuts
     D:1: 934 daAuts
     D:4: 898 daAuts
     D:2: 893 daAuts
     D:7: 483 daAuts
